 Dungeon Crawl Stone Soup version 0.30-a0-840-ga523dec638 (webtiles) character file.

Game seed: 13490400697956243269

50 jimonade the Trooper (level 3, -3/37 HPs)
             Began as an Ogre Warper on Mar 1, 2023.
             Slain by a quokka (4 damage)
             ... on level 2 of the Dungeon.
             The game lasted 00:01:47 (1086 turns).

jimonade the Trooper (Ogre Warper)                  Turns: 1086, Time: 00:01:48

Health: -3/37      AC:  5    Str: 15    XL:     3   Next: 79%
Magic:  6/6        EV: 10    Int: 14    God:
Gold:   22         SH:  0    Dex: 10    Spells: 7/7 levels left

rFire   . . .      SeeInvis .    a - +0 mace
rCold   . . .      Faith    .    (no shield)
rNeg    . . .      Spirit   .    b - +0 robe
rPois   .          Reflect  .    (helmet restricted)
rElec   .          Harm     .    j - +1 cloak
rCorr   .          Rampage  .    (gloves unavailable)
Will    .....                    (boots unavailable)
Stlth   +                        (no amulet)
HPRegen 0.26/turn                (no ring)
MPRegen 0.10/turn                (no ring)

@: no status effects
A: large, unfitting armour, tough skin 1
a: no special abilities


You were on level 2 of the Dungeon.
You visited 1 branch of the dungeon, and saw 2 of its levels.

You collected 22 gold pieces.

Inventory:

Hand Weapons
 a - a +0 mace (weapon)
Missiles
 d - 7 boomerangs of dispersal (quivered)
 k - 5 silver javelins
 m - 8 stones
Armour
 b - a +0 robe (worn)
 j - a +1 cloak (worn)
Scrolls
 c - a scroll of blinking
 e - 3 scrolls of teleportation {unknown}
 h - 2 scrolls of immolation {unknown}
 l - a scroll of fear {unknown}
Potions
 f - 4 potions of curing {unknown}
 g - a potion of mutation {unknown}
 i - a potion of resistance {unknown}


   Skills:
 + Level 3.3 Fighting
 + Level 2.7 Maces & Flails
 + Level 1.0 Throwing
 + Level 2.3 Dodging
 + Level 2.6 Spellcasting
 + Level 3.0 Translocations


You had 7 spell levels left.
You didn't know any spells.
Your spell library contained the following spells:

 Spells                   Type           Power      Damage    Failure   Level
 Blink                    Tloc           20%        N/A       10%         2
 Lesser Beckoning         Tloc           20%        N/A       10%         2
 Teleport Other           Tloc           10%        N/A       19%         3
 Vhi's Electric Charge    Tloc/Air       12%        N/A       34%         3
 Manifold Assault         Tloc           10%        N/A       54%         4


Dungeon Overview and Level Annotations

Branches:
Dungeon (2/15)

Altars:


Innate Abilities, Weirdness & Mutations

You are too large for most types of armour.
You have tough skin. (AC +1)


Message History

The adder is heavily wounded.
You feel sick. The adder bites you.
* * * LOW HITPOINT WARNING * * *
The rat bites you.
* * * LOW HITPOINT WARNING * * *
The quokka bites you but does no damage.
The adder completely misses you. The rat bites you but does no damage.
You hit the adder.
The adder is almost dead.
You feel sick.
The quokka bites you but does no damage.
The adder bites you but does no damage. The rat barely misses you.
The quokka bites you.
* * * LOW HITPOINT WARNING * * *
The adder closely misses you.
You barely miss the adder.
The adder is almost dead.
You feel sick.
You are no longer poisoned.
The quokka closely misses you. The rat bites you.
* * * LOW HITPOINT WARNING * * *
The adder barely misses you.
You closely miss the adder.
The adder is almost dead.
The quokka barely misses you. The adder closely misses you.
The rat bites you but does no damage. The quokka closely misses you.
The adder completely misses you. The rat bites you but does no damage.
You sock the adder!
You kill the adder!
The quokka closely misses you. The rat bites you but does no damage.
The rat bites you.
* * * LOW HITPOINT WARNING * * *
The quokka closely misses you.
Found a club.
The quokka attacks as you move away! The quokka bites you.
* * * LOW HITPOINT WARNING * * *
You hit the rat.
You kill the rat!
The quokka bites you.
You die...

#..........#
##...?..).##
#........<.#
#......$...#
#..........#
#.....†....#
##..........#
...#....r.....##
#.....@.....##
#..........##
#..........#
#..>.......#
#.......)..#
#..........#
##....)...##
#........#


You could see a quokka.

Vanquished Creatures
  An adder (D:2)
  A worm (D:1)
  2 dart slugs
  5 endoplasms (D:1)
  2 goblins (D:1)
  5 hobgoblins (D:1)
  3 quokkas (D:1)
  2 ball pythons (D:1)
  3 bats
  A frilled lizard (D:1)
  4 kobolds (D:1)
  4 rats
33 creatures vanquished.

Notes
Turn   | Place    | Note
-------+----------+-------------------------------------------
     0 | D:1      | jimonade the Ogre Warper began the quest for the Orb.
     0 | D:1      | Reached XP level 1. HP: 22/22 MP: 3/3
   209 | D:1      | Reached XP level 2. HP: 29/29 MP: 5/5
   716 | D:1      | Reached XP level 3. HP: 34/37 MP: 6/6
  1085 | D:2      | HP: 1/37 [quokka (1)]
  1086 | D:2      | Slain by a quokka

Illustrated notes

Levels and vault maps discovered:
D:1:      dpeg_arrival_three_same_balls, layout_basic, minmay_tetromino_l4
D:2:      layout_rooms

Skill      XL: |  1  2 |
---------------+-------+-----
Maces & Flails | 2 |  2.7
Translocations | 3 |  3.0
Fighting       | 3 |  3.3
Throwing       | |  1.0
Dodging        | |  2.3
Spellcasting   | |  2.6

Action                     || total
---------------------------++-------
  Melee: Mace              ||   121
         Punch             ||     2
 Armour: Robe              ||    82
  Dodge: Dodged            ||    97

Table legend: (Time is in decaauts)
 A = Elapsed time spent in this place.
 B = Non-inter-level travel time spent in this place.
 C = Inter-level travel time spent in this place.
 D = Time resting spent in this place.
 E = Time spent auto-exploring this place.
 F = Levels seen in this place.
 G = Mean time per level.
                   A        B        C        D        E       F      G
               +--------+--------+--------+--------+--------+-----+--------+
         Total |   1121 |   1048 |     73 |      0 |    750 |   2 |  560.5 |
       Dungeon |   1121 |   1048 |     73 |      0 |    750 |   2 |  560.5 |
               +--------+--------+--------+--------+--------+-----+--------+

Top non-repeatable levels by time:
     D:1: 1078 daAuts
     D:2: 43 daAuts
